 Dungeon Sprint DCSS version 0.31-a0-868-g674d60d6f7 (webtiles) character file.

Game seed: 4315236708632444768

64750 sircluck the Wrestler (level 13, 0/161 HPs)
             Began as a Troll Berserker on Oct 12, 2023.
             Was the Champion of Trog.
             Killed from afar by an air elemental (11 damage)
             ... with a stunning burst
             ... summoned by an air elementalist statue
             ... in the Dungeon (Sprint III: "The Ten Rune Challenge").
             The game lasted 00:13:13 (4048 turns).

sircluck the Wrestler (Troll Berserker)             Turns: 4048, Time: 00:13:13

Health: 0/161      AC:  7    Str: 32    XL:     13   Next: 54%
Magic:  12/12      EV: 15    Int:  3    God:    Trog [******]
Gold:   2716       SH:  0    Dex:  9    Spells: 12/12 levels left

rFire   . .          .
                       - Unarmed
rCold   . . .        (no shield)
rNeg    . . .        s - +1 robe {Will+}
rPois   .            b - +0 hat
rElec   .            (no cloak)
rCorr   .            (gloves unavailable)
SInv    .            (boots unavailable)
Will    +....        (no amulet)
Stlth   +            (no ring)
HPRegen 1.26/turn    (no ring)
MPRegen 0.13/turn

%: no teleportation
@: no status effects
A: large, unfitting armour, claws 3, regeneration 1, shaggy fur 1, tough skin 1,
talons 1, iridescent scales 1
}: 2/10 runes: decaying, serpentine
a: Renounce Religion, Berserk, Trog's Hand, Brothers in Arms


You were in the Dungeon.
You worshipped Trog.
Trog was exalted by your worship.
You visited 1 branch You collected 2716 gold pieces.

Inventory:

Missiles
 g - 5 atropa-tipped darts
 r - 5 datura-tipped darts
Armour
 a - a +0 animal skin
 b - a +0 hat (worn)
 s - a +1 robe of willpower (worn)
Wands
 o - a wand of polymorph (10)
Scrolls
 h - a scroll of revelation {unknown}
 j - a scroll of torment {unknown}
 k - 4 scrolls of identify
 m - a scroll of immolation {unknown}
Potions
 d - 3 potions of haste
 e - 2 potions of magic
 f - a potion of berserk rage
 i - 3 potions of mutation
 l - a potion of cancellation {unknown}
 n - 2 potions of enlightenment {unknown}
 q - 3 potions of attraction {unknown}
Miscellaneous
 p - a condenser vane (inert)


   Skills:
 + Level 18.5 Fighting
 + Level 18.3 Dodging
 + Level 21.4 Unarmed Combat


You had 12 spell levels left.
You didn't know any spells.
Your spell library was empty.

Dungeon Overview and Level Annotations

Branches:
Dungeon (1/1)

Altars:
Cheibriados
Dithmenos
Elyvilon
Fedhas
Gozag
Hepliaklqana
Kikubaaqudgha
Makhleb
Nemelex Xobeh
Okawaru
Qazlal
Ru
Sif Muna
Trog
Uskayaw
Vehumet
Wu Jian
Xom
Yredelemnul
Zin
The Shining One
Jiyva
Lugonu

Shops:
D :?(([=?

Annotations:
D exclusions: 2 doors and 2 statues


Innate Abilities, Weirdness & Mutations

You are too large for most types of armour.
You have claws for hands.
Your natural rate of healing is unusually fast.
You are covered in fur. (AC +1)
You have tough skin. (AC +1)
You have sharp toenails.
You are partially covered in iridescent scales. (AC +2)


Message History

Unknown command.
Unknown command.
Unknown command.
Unknown command.
You feel much better.
The deep elf blademaster shouts!
The air elemental disappears in a puff of smoke!
The air elemental fires a burst of electricity at you.
The stunning burst hits you.
You shrug off the repeated paralysis!
The air elemental hits you but does no damage.
The air elemental completely misses you.
The earth elemental misses you.
Unknown command.
Unknown command.
Unknown command.
Your troll goes berserk!
The air elemental hits you.
The air elemental fires a burst of electricity at you.
The stunning burst hits you but does no damage.
You shrug off the repeated paralysis!
The air elemental fires a burst of electricity at you.
The stunning burst hits you!
You shrug off the repeated paralysis!
* * * LOW HITPOINT WARNING * * *
The air elemental hits you but does no damage.
The air elemental barely misses you.
The air elemental hits you but does no damage.
The air elementalist statue is engulfed in blazing flames.
The air elementalist statue begins to cast a cantrip, but forgets the words!
The air elemental hits you!
* * * LOW HITPOINT WARNING * * *
The earth elemental hits you!!
* * * LOW HITPOINT WARNING * * *
The air elemental hits you.
* * * LOW HITPOINT WARNING * * *
The air elemental misses you.
The air elemental attacks as it pursues you!
The air elemental hits you but does no damage.
The air elemental fires a burst of electricity at you.
The stunning burst hits you!
You shrug off the repeated paralysis!
You die...

♣..♣♣♣♣♣♣~♣
#.#§.§....###++###
..~..°°...♣
#....§..§.#.⌠..⌠.#
..~.~°°○~.♣
#########.#......#
.♣...~○~~~♣
#.#.#.#.#........#
♣♣♣♣♣♣♣∩∩∩♣
#.....)).........#
♣♣♣♣♣
#......))........#
###'##############
##§..## ##..E@.##
#...EE..#
...§.E.§E..'....
'###§§8T8..#####
##...E.## ##.e§##
##'## .≈≈ .≈


You could see a deep elf blademaster, an air elementalist statue, an earth
elementalist statue (ally target), 3 earth elementals, 3 air elementals and a
friendly troll (summoned, berserk).

Vanquished Creatures
  Boris (D)
  Rupert (D)
  Gastronok (D)
  Dowan (D)
  A nagaraja (D)
  2 dire elephants (D)
  Erolcha (D)
  A hydra (D)
  2 anacondas (D)
  3 death yaks (D)
  Urug (D)
  3 orc high priests (D)
  A deep elf knight (D)
  3 death drakes (D)
  A spriggan druid (D)
  A spectral hydra (D)
  An obsidian statue (D)
  A lindwurm (D)
  3 deep elf zephyrmancers (D)
  A crystal guardian (D)
  2 deep elf pyromancers (D)
  A guardian serpent (D)
  6 black mambas (D)
  A stone giant skeleton (D)
  2 elephants (D)
  2 statues (D)
  Duvessa (D)
  A cane toad (D)
  A rime drake (D)
  A spriggan defender (D)
  A hornet (D)
  2 tyrant leeches (D)
  7 blink frogs (D)
  A shadow (D)
  2 spriggans (D)
  3 wandering mushrooms (D)
  5 redbacks (D)
  A spatial vortex (D)
  An iron troll simulacrum (D)
  5 water moccasins (D)
  4 orc warriors (D)
  A swamp drake (D)
  2 swamp dragon skeletons (D)
  5 two-headed ogres (D)
  A water elemental (D)
  A necrophage (D)
  A killer bee (D)
  An electric eel (D)
  A jelly (D)
  5 orc priests (D)
  A wizard (D)
  A necromancer (D)
  3 orc wizards (D)
  A kobold demonologist (D)
  3 humans (D)
  A wolf (D)
  7 adders (D)
  6 orcs (D)
  4 rats (D)
125 creatures vanquished.

Vanquished Creatures (collateral kills)
  2 hydras (D)
  A death yak (D)
  A naga warrior (D)
  A golden dragon zombie (D)
  2 crystal guardians (D)
  2 black mambas (D)
  A cane toad (D)
  A molten gargoyle (D)
  A komodo dragon (D)
  An orc high priest (D)
  A blink frog (D)
  2 nagas (D)
16 creatures vanquished.

Vanquished Creatures (others)
  4 ball lightnings (D)
4 creatures vanquished.

Grand Total: 145 creatures vanquished

Notes
Turn   | Place    | Note
-------+----------+-------------------------------------------
     0 | D        | sircluck the Troll Berserker began the quest for the Orb.
     0 | D        | Reached XP level 1. HP: 22/22 MP: 0/0
    33 | D        | Reached ** piety under Trog
    44 | D        | Noticed a wolf
    54 | D        | Killed a wolf
    55 | D        | Reached skill level 4 in Unarmed Combat
    55 | D        | Reached XP level 2. HP: 31/31 MP: 1/1
    60 | D        | Reached XP level 3. HP: 39/39 MP: 2/2
   110 | D        | Gained mutation: You are partially covered in iridescent
                  | scales. (AC +2) [potion of mutation]
   110 | D        | Gained mutation: You have sharp toenails. [potion of
                  | mutation]
   116 | D        | Noticed a water elemental
   120 | D        | Killed a water elemental
   120 | D        | Reached *** piety under Trog
   121 | D        | Reached skill level 5 in Unarmed Combat
   121 | D        | Reached XP level 4. HP: 49/49 MP: 3/3
   163 | D        | Found a glowing silver altar of Zin.
   163 | D        | Found a glowing golden altar of the Shining One.
   163 | D        | Found a white marble altar of Elyvilon.
   164 | D        | Noticed a deep elf pyromancer
   168 | D        | Killed a deep elf pyromancer
   169 | D        | Reached skill level 9 in Unarmed Combat
   169 | D        | Reached XP level 5. HP: 53/62 MP: 4/4
   169 | D        | Reached XP level 6. HP: 60/71 MP: 5/5
   185 | D        | Found a hide-covered altar of Uskayaw.
   185 | D        | Found an iron altar of Okawaru.
   185 | D        | Found a bloodstained altar of Trog.
   185 | D        | Found an ornate altar of the Wu Jian Council.
   185 | D        | Noticed a human
   185 | D        | Noticed a human
   193 | D        | Killed a human
   194 | D        | Reached XP level 7. HP: 75/80 MP: 6/6
   198 | D        | Killed a human
   198 | D        | Reached **** piety under Trog
   199 | D        | Reached skill level 10 in Unarmed Combat
   220 | D        | Found a basalt altar of Yredelemnul.
   220 | D        | Found a shadowy altar of Dithmenos.
   220 | D        | Found a sacrificial altar of Ru.
   265 | D        | Noticed a shadow
   273 | D        | Killed a shadow
   275 | D        | Reached XP level 8. HP: 91/92 MP: 7/7
   285 | D        | Found a radiant altar of Vehumet.
   285 | D        | Found a shimmering blue altar of Sif Muna.
   285 | D        | Found an ancient bone altar of Kikubaaqudgha.
   287 | D        | Reached ***** piety under Trog
   346 | D        | Found a blossoming altar of Fedhas.
   346 | D        | Found a stormy altar of Qazlal.
   346 | D        | Found a snail-covered altar of Cheibriados.
   346 | D        | Found a burning altar of Makhleb.
   346 | D        | Found a shimmering altar of Xom.
   347 | D        | Found a hazy altar of Hepliaklqana.
   347 | D        | Found an opulent altar of Gozag.
   347 | D        | Found a sparkling altar of Nemelex Xobeh.
   347 | D        | Found a corrupted altar of Lugonu.
   347 | D        | Found a viscous altar of Jiyva.
   406 | D        | Reached skill level 11 in Unarmed Combat
   437 | D        | Noticed a two-headed ogre
   443 | D        | Killed a two-headed ogre
   444 | D        | Reached skill level 10 in Fighting
   449 | D        | Noticed Erolcha
   450 | D        | Noticed a two-headed ogre
   461 | D        | Killed a two-headed ogre
   462 | D        | Reached skill level 10 in Dodging
   462 | D        | Reached skill level 12 in Unarmed Combat
   467 | D        | Killed Erolcha
   467 | D        | Received a gift from Trog
   468 | D        | Reached XP level 9. HP: 18/102 MP: 8/8
   548 | D        | HP: 5/105 [poisoned by a redback]
   748 | D        | Reached skill level 13 in Unarmed Combat
   758 | D        | Noticed a wandering mushroom
   762 | D        | Noticed a wandering mushroom
   764 | D        | Noticed a wandering mushroom
   768 | D        | Reached ****** piety under Trog
   860 | D        | Noticed a cane toad
   860 | D        | Noticed a komodo dragon
   860 | D        | Noticed a cane toad
   865 | D        | Killed a cane toad
   870 | D        | Killed a cane toad
   872 | D        | Killed a komodo dragon
   872 | D        | Received a gift from Trog
   873 | D        | Reached XP level 10. HP: 22/115 MP: 9/9
   966 | D        | Reached skill level 14 in Unarmed Combat
  1096 | D        | Received a gift from Trog
  1157 | D        | Noticed Rupert
  1165 | D        | Killed Rupert
  1166 | D        | Reached skill level 15 in Unarmed Combat
  1198 | D        | Noticed an azure jelly
  1198 | D        | Noticed an azure jelly
  1198 | D        | Noticed an azure jelly
  1198 | D        | Noticed an azure jelly
  1256 | D        | Noticed an elephant
  1256 | D        | Noticed an elephant
  1256 | D        | Noticed a dire elephant
  1256 | D        | Noticed a dire elephant
  1256 | D        | Noticed Gastronok
  1263 | D        | Killed a dire elephant
  1271 | D        | Killed Gastronok
  1272 | D        | Reached XP level 11. HP: 128/128 MP: 10/10
  1277 | D        | Killed a dire elephant
  1278 | D        | Reached skill level 16 in Unarmed Combat
  1340 | D        | Noticed a death yak
  1340 | D        | Noticed a death yak
  1342 | D        | Noticed a death yak
  1347 | D        | Noticed a death yak
  1352 | D        | Killed a death yak
  1361 | D        | Killed a death yak
  1366 | D        | Killed a death yak
  1370 | D        | Killed a death yak
  1371 | D        | Reached skill level 17 in Unarmed Combat
  1377 | D        | Received a gift from Trog
  1468 | D        | Noticed an anaconda
  1476 | D        | Killed an anaconda
  1477 | D        | Reached skill level 15 in Fighting
  1604 | D        | Reached skill level 15 in Dodging
  1627 | D        | Noticed an anaconda
  1643 | D        | Killed an anaconda
  1766 | D        | Reached XP level 12. HP: 133/143 MP: 11/11
  1797 | D        | Reached skill level 18 in Unarmed Combat
  1799 | D        | Received a gift from Trog
  1873 | D        | Noticed a naga warrior
  1873 | D        | Noticed a nagaraja
  1881 | D        | Killed a naga warrior
  1881 | D        | Received a gift from Trog
  1882 | D        | Found Raycvov's Book Boutique.
  1882 | D        | Found Qoip's Magic Scroll Emporium.
  1884 | D        | Killed a nagaraja
  1972 | D        | Found Efileb's Antique Weapon Shop.
  2023 | D        | Got a serpentine rune of Zot
  2270 | D        | Received a gift from Trog
  2324 | D        | Noticed Urug
  2328 | D        | Killed Urug
  2329 | D        | Reached skill level 19 in Unarmed Combat
  2353 | D        | Noticed a six-headed hydra
  2353 | D        | Noticed a six-headed hydra
  2359 | D        | Killed a six-headed hydra
  2361 | D        | Killed a six-headed hydra
  2460 | D        | Received a gift from Trog
  2578 | D        | Found Qelagoc's Antique Armour Emporium.
  2578 | D        | Found Acoe's Jewellery Shop.
  2581 | D        | Found Eliolyem's Magic Scroll Shoppe.
  2703 | D        | Noticed a seven-headed hydra
  2708 | D        | Killed a ten-headed hydra
  2769 | D        | Got a decaying rune of Zot
  2856 | D        | Found a blossoming altar of Fedhas.
  2862 | D        | Received a gift from Trog
  2975 | D        | Found Ittiab's Antique Weapon Boutique.
  2992 | D        | Received a gift from Trog
  2995 | D        | Noticed an orc high priest
  3006 | D        | Killed an orc high priest
  3007 | D        | Reached skill level 20 in Unarmed Combat
  3009 | D        | Identified the +7 battleaxe of Fehesora {heavy, rElec rPois
                  | rN+ rCorr} (Trog gifted it to you in the Dungeon)
  3009 | D        | Received a gift from Trog
  3244 | D        | Reached XP level 13. HP: 156/156 MP: 12/12
  3247 | D        | Received a gift from Trog
  3303 | D        | Noticed Duvessa
  3308 | D        | Noticed Dowan
  3309 | D        | Killed Duvessa
  3314 | D        | Killed Dowan
  3314 | D        | Received a gift from Trog
  3714 | D        | Received a gift from Trog
  3868 | D        | Noticed Boris
  3883 | D        | HP: 5/155 [something/iron shot (72)]
  3884 | D        | Killed Boris
  3885 | D        | Reached skill level 21 in Unarmed Combat
  3915 | D        | Received a gift from Trog
  4038 | D        | Paralysed by an air elemental for 1 turns
  4045 | D        | Paralysed by an air elemental for 1 turns
  4045 | D        | Noticed a deep elf blademaster
  4048 | D        | Killed from afar by an air elemental

Illustrated notes

Levels and vault maps discovered:
D:        dungeon_sprint_mu [sprint_mu_entry_cave, sprint_mu_temple_rooms,
          sprint_mu_d1_spiders, sprint_mu_d2_genie, sprint_mu_d3_branching,
          sprint_mu_orc_legion, sprint_mu_elf_gauntlet, sprint_mu_hive_nellie,
          sprint_mu_lair_fedhas, sprint_mu_vaults_butterflies,
          sprint_mu_slime_circle, sprint_mu_swamp_cave, sprint_mu_snake_twists,
          sprint_mu_blade_basic, sprint_mu_crypt_lich, sprint_mu_tomb_spiral,
          sprint_mu_vestibule_basic, sprint_mu_gehenna_hellfire,
          sprint_mu_dis_giant, sprint_mu_tartarus_statrot,
          sprint_mu_cocytus_islands, sprint_mu_zot1]

Skill      XL: |  1  2  3  4  5  6  7  8  9 10 11 12 13 |
---------------+----------------------------------------+-----
Fighting       | 3 4 7 8 9 10 11 13 15 17 18 | 18.5
Dodging        | 3 4 7 8 10 11 13 15 17 18 | 18.3
Unarmed Combat | 4 5 9 10 12 13 15 17 20 21 | 21.4

Action                     |  1- 3 |  4- 6 |  7- 9 | 10-12 | 13-15 || total
---------------------------+-------+-------+-------+-------+-------++-------
  Melee: Unarmed           |    24 |    12 |    77 |   217 |    78 ||   408
         Punch             |     1 |       |     8 |    19 |     9 ||    37
         Kick              |     1 |     3 |    31 |    70 |    24 ||   129
 Invoke: Berserk           |     2 |       |       |     4 |       ||     6
         Brothers in Arms  |       |       |     1 |     6 |     4 ||    11
  Evoke: Condenser vane    |       |       |       |       |     1 ||     1
    Use: Potion            |     1 |       |     1 |     1 |     1 ||     4
         Scroll            |       |       |       |     1 |       ||     1
 Armour: Animal skin       |    13 |     4 |    43 |   163 |    38 ||   261
         Robe              |       |       |       |       |    35 ||    35
  Dodge: Dodged            |    11 |     8 |    32 |   128 |    39 ||   218

Table legend: (Time is in decaauts)
 A = Elapsed time spent in this place.
 B = Non-inter-level travel time spent in this place.
 C = Inter-level travel time spent in this place.
 D = Time resting spent in this place.
 E = Time spent auto-exploring this place.
 F = Levels seen in this place.
 G = Mean time per level.
                   A        B        C        D        E       F      G
               +--------+--------+--------+--------+--------+-----+--------+
         Total |   3995 |   3872 |    123 |   1908 |    961 |   1 | 3995.0 |
       Dungeon |   3995 |   3872 |    123 |   1908 |    961 |   1 | 3995.0 |
               +--------+--------+--------+--------+--------+-----+--------+

Top non-repeatable levels by time:
       D: 3995 daAuts
